 Dungeon Crawl Stone Soup version 0.29.0-15-g675c0067aa (webtiles) character file.

Game seed: 16256934933628989836

33 writerjack the Chopper (level 3, -3/33 HPs)
             Began as a Minotaur Berserker on Sept 12, 2022.
             Was a Follower of Trog.
             Slain by a gnoll
             ... wielding a +0 flail
              (10 damage)
             ... on level 2 of the Dungeon.
             The game lasted 00:03:11 (1009 turns).

writerjack the Chopper (Minotaur Berserker)         Turns: 1009, Time: 00:03:12

Health: -3/33      AC:  3    Str: 23    XL:     3   Next: 12%
Magic:  2/2        EV: 12    Int:  4    God:    Trog [*.....]
Gold:   49         SH:  0    Dex:  9    Spells: 2/2 levels left

rFire   . . .      SeeInvis .   a - +0 hand axe
rCold   . . .      Faith    .   (no shield)
rNeg    . . .      Spirit   .   b - +0 animal skin
rPois   .          Reflect  .   (helmet restricted)
rElec   .          Harm     .   (no cloak)
rCorr   .          Rampage  .   (no gloves)
Will    .....                   j - +0 pair of boots
Stlth   +.........              (no amulet)
HPRegen 0.11/turn               (no ring)
MPRegen 0.08/turn               (no ring)

@: no status effects
A: horns 2, retaliatory headbutt
a: Renounce Religion, Berserk


You were on level 2 of the Dungeon.
You worshipped Trog.
Trog was aware of your devotion.
You visited 1 branch of the dungeon, and saw 3 of its levels.

You collected 49 gold pieces.

Inventory:

Hand Weapons
 a - a +0 hand axe (weapon)
Armour
 b - a +0 animal skin (worn)
 j - a +0 pair of boots (worn)
Scrolls
 d - 2 scrolls of poison {unknown}
 e - a scroll of teleportation {unknown}
 f - a scroll of identify {unknown}
 i - 2 scrolls of butterflies {unknown}
 k - a scroll of brand weapon {unknown}
Potions
 c - a potion of cancellation {unknown}
 g - a potion of curing {unknown}
 h - a potion of berserk rage {unknown}


   Skills:
 - Level 3.9 Fighting
 * Level 4.5 Axes
 - Level 2.8 Armour
 - Level 2.5 Dodging


You had 2 spell levels left.
You didn't know any spells.
Your spell library was empty.

Dungeon Overview and Level Annotations

Branches:
Dungeon (3/15)

Altars:


Innate Abilities, Weirdness & Mutations

You have a pair of horns on your head.
You reflexively headbutt those who attack you in melee.


Message History

HP restored.
Found 7 stones.
You see here a scroll labelled VOENEXOTSA.
A bat is nearby!
k - a scroll labelled VOENEXOTSA You miss the bat.
Your headbutt misses the bat. The bat hits you but does no damage.
The bat hits you but does no damage.
You hit the bat.
You kill the bat!
Trog accepts your kill.
No target in view!
You now have 49 gold pieces (gained 8).
A gnoll is nearby!
The gnoll shouts!
You hear a shout! x2
A hobgoblin comes into view.
The gnoll barely misses you.
A worm comes into view.
The gnoll shouts!
You hit the gnoll. Your headbutt misses the gnoll.
The gnoll is lightly wounded.
The gnoll hits you with a +0 flail!
You barely miss the gnoll. Your headbutt misses the gnoll.
The gnoll is lightly wounded.
The gnoll hits you with a +0 flail!
You hit the hobgoblin.
You kill the hobgoblin!
Trog accepts your kill.
You barely miss the gnoll. The gnoll barely misses you.
You furiously retaliate!
You headbutt the gnoll. The gnoll attacks as you move away!
The gnoll barely misses you.
You barely miss the gnoll.
The gnoll is moderately wounded.
The gnoll hits you with a +0 flail. The gnoll attacks as you move away!
The gnoll hits you with a +0 flail.
* * * LOW HITPOINT WARNING * * *
The gnoll attacks as you move away! The gnoll closely misses you.
You furiously retaliate!
You headbutt the gnoll. The gnoll attacks as you move away!
The gnoll hits you with a +0 flail!
You die...

##.##...g.......#
##.##....##.†##
.........##...#
........###.#w#
............#.##
.....#.........#
..#.#####......## ######
..#.# ##....gg########....#
....# ###...g@...........#
.#### #####....####........#
..######.............###....#
.........####..........#....#
...####### #..#.##.....#####
##.# ####.........#..#
...#######......###...#..#
#..........##.#.# #.....##
..........###...# #...###


You could see a worm and 3 gnolls.

Vanquished Creatures
  A dart slug (D:1)
  2 endoplasms
  3 giant cockroaches (D:1)
  2 goblins (D:1)
  4 hobgoblins
  2 jackals (D:1)
  2 kobolds (D:1)
  A quokka (D:1)
  3 ball pythons (D:1)
  3 bats
  4 frilled lizards
  A rat (D:2)
28 creatures vanquished.

Notes
Turn   | Place    | Note
-------+----------+-------------------------------------------
     0 | D:1      | writerjack the Minotaur Berserker began the quest for the
                  | Orb.
     0 | D:1      | Reached XP level 1. HP: 19/19 MP: 0/0
    74 | D:1      | Reached XP level 2. HP: 16/27 MP: 1/1
   507 | D:1      | Reached skill level 4 in Axes
   824 | D:2      | Reached XP level 3. HP: 33/33 MP: 2/2
  1009 | D:2      | Slain by a gnoll

Illustrated notes

Levels and vault maps discovered:
D:1:      minmay_arrival_solitary_statue, layout_rooms
D:2:      layout_rooms
D:3:      minmay_recursive_quarters, layout_rooms,
          ebering_ecumenical_altar_abandoned, chequers_serial_rivers_large_a,
          uniq_robin, uniq_jessica

Skill      XL: |  1  2 |
---------------+-------+-----
Axes           | 4 |  4.5
Fighting       | |  3.9
Armour         | |  2.8
Dodging        | |  2.5

Action                   || total
-------------------------++-------
Melee: Hand axe          ||    58
       Headbutt          ||     9
Armor: Animal skin       ||    13
Dodge: Dodged            ||    52
